 Dungeon Crawl Stone Soup version 0.26.1-11-gd32895ea62 (webtiles) character file.

Game seed: 14662310640962126655

62 Felido the Grasshopper (level 3, 0/21 HPs)
             Began as a Deep Elf Warper on June 27, 2021.
             Slain by a worm (2 damage)
             ... on level 2 of the Dungeon.
             The game lasted 00:03:46 (2089 turns).

Felido the Grasshopper (Deep Elf Warper)            Turns: 2089, Time: 00:03:47

Health: 0/21       AC:  3    Str:  8    XL:     3   Next: 85%
Magic:  8/9        EV: 12    Int: 18    God:
Gold:   102        SH:  0    Dex: 14    Spells: 6/8 levels left

rFire    . . .     SeeInvis .   a - +1 falchion
rCold    . . .     Faith    .   (no shield)
rNeg     . . .     Spirit   .   b - +0 leather armour
rPois    .         Reflect  .   (no helmet)
rElec    .         Harm     .   (no cloak)
rCorr    .         Rampage  .   (no gloves)
Will     .....                  (no boots)
Stlth    +.........             (no amulet)
HPRegen  0.07/turn              (no ring)
MPRegen  0.11/turn              (no ring)

@: no status effects
A: no striking features
a: no special abilities


You were on level 2 of the Dungeon.
You visited 1 branch of the dungeon, and saw 2 of its levels.

You collected 102 gold pieces.

Inventory:

Hand Weapons
 a - a +1 falchion (weapon)
Missiles
 e - 5 boomerangs of dispersal (quivered)
Armour
 b - a +0 leather armour (worn)
Scrolls
 c - a scroll of teleportation
 d - a scroll of blinking
 f - a scroll of magic mapping
 g - 3 scrolls of identify {unknown}
Potions
 h - a potion of flight
 i - a potion of brilliance {unknown}


   Skills:
 + Level 1.9 Fighting
 + Level 2.4 Long Blades
 + Level 1.0 Throwing
 + Level 1.4 Armour
 + Level 2.8 Dodging
 + Level 0.1 Stealth
 + Level 3.1 Spellcasting
 + Level 3.9 Translocations


You had 6 spell levels left.
You knew the following spells:

 Your Spells              Type           Power        Failure   Level
a - Blink                 Tloc           N/A          7%          2

Your spell library contained the following spells:

 Spells                   Type           Power        Failure   Level
 Gell's Gravitas          Tloc           8%           13%         3
 Lesser Beckoning         Tloc           8%           13%         3
 Teleport Other           Tloc           17%          13%         3
 Passage of Golubria      Tloc           N/A          41%         4


Dungeon Overview and Level Annotations

Branches:
Dungeon (2/15)

Altars:


Message History

The worm completely misses you.
You riposte.
You barely miss the worm.
The worm is heavily wounded.
You barely miss the worm.
The worm is heavily wounded.
The worm bites you but does no damage.
You hit the worm.
The worm is severely wounded.
You hit the worm.
The worm is severely wounded.
The worm closely misses you.
You hit the worm.
The worm is severely wounded.
The worm bites you!
* * * LOW HITPOINT WARNING * * *
You hit the worm.
The worm is almost dead.
You completely miss the worm.
The worm is almost dead.
The worm bites you.
You die...

....#...#.........##.....#####
.#.#...........................
#.#.####.##.........#...........
# ..####.#..#.).........###..>..
..#....#.#..............#.....
..# ##............#.....#.....
###)<####..#...#####.....
.....###..###..# #.....
...####...@.....## #..... .g#
####w####.########### .
#.........#.... #$.............
#..............
##...............
#................
##...............
#............!..


You could see a worm.

Vanquished Creatures
  An adder (D:2)
  An ooze (D:2)
  A worm (D:2)
  2 leopard geckos (D:1)
  A ball python (D:1)
  6 bats
  A giant cockroach (D:2)
  8 goblins
  5 hobgoblins (D:1)
  3 jackals (D:2)
  2 kobolds
  5 frilled lizards
  5 rats
41 creatures vanquished.

Vanquished Creatures (others)
  A fungus (D:1)
1 creature vanquished.

Grand Total: 42 creatures vanquished

Notes
Turn   | Place    | Note
-------+----------+-------------------------------------------
     0 | D:1      | Felido the Deep Elf Warper began the quest for the Orb.
     0 | D:1      | Reached XP level 1. HP: 12/12 MP: 6/6
   152 | D:1      | Reached skill level 1 in Armour
   178 | D:1      | Reached XP level 2. HP: 6/16 MP: 8/8
   617 | D:1      | Learned a level 2 spell: Blink
  1479 | D:2      | Reached XP level 3. HP: 18/21 MP: 6/9
  2089 | D:2      | Slain by a worm

Illustrated notes

Levels and vault maps discovered:
D:1:      dpeg_cavernosity, layout_basic, minivault_24, st_stairs_1,
          minmay_misc_feat_doors
D:2:      layout_rooms, gammafunk_temple_overflow_pools, uniq_robin

Skill      XL: |  1  2 |
---------------+-------+-----
Armour         | 1 |  1.4
Long Blades    | 2 |  2.4
Fighting       | |  1.9
Throwing       | |  1.0
Dodging        | |  2.8
Stealth        | |  0.1
Spellcasting   | |  3.1
Translocations | |  3.9

Action                   || total
-------------------------++-------
Melee: Falchion          ||   139
 Cast: Blink             ||     6
  Use: Scroll            ||     3
       Potion            ||     2
Armor: Leather armour    ||    32
Dodge: Dodged            ||   119
       Rpst.: Falchion   ||    44
